 Dungeon Crawl Stone Soup version 0.26-a0-1021-gda264ca44c (webtiles) character file.

Game seed: 18126540706209993036

377576 lunkers the Warrior (level 21, -20/214 HPs)
             Began as a Palentonga Abyssal Knight on Dec 8, 2020.
             Was the Champion of Lugonu.
             Killed from afar by an ice dragon (38 damage)
             ... with a blast of cold
             ... on level 3 of the Vaults.
             The game lasted 01:28:33 (59447 turns).

lunkers the Warrior (Palentonga Abyssal Knight)    Turns: 59447, Time: 01:28:34

Health: -20/214    AC: 29    Str: 21    XL:     21   Next: 83%
Magic:  28/28      EV: 14    Int: 13    God:    Lugonu [******]
Gold:   2636       SH: 20    Dex: 17    Spells: 20/20 levels left

rFire    + + .     SeeInvis +   b - +9 broad axe (distort)
rCold    . . .     Faith    .   A - +0 tower shield
rNeg     . . .     Spirit   .   I - +3 scale mail {Will+}
rPois    .         Reflect  .   V - +2 hat {SInv}
rElec    +         Harm     .   J - +1 cloak
rCorr    .         Rampage  .   S - +2 pair of gloves
Will     ++++.                  (no barding)
Stlth    ..........             m - amulet of Xelud {Acrobat rF++ Dex+5 Slay+2}
HPRegen  0.45/turn              s - +4 ring of protection
MPRegen  0.21/turn              e - ring "Caobb" {+Fly rElec Will++ Str-2 SInv}

@: about to teleport, curled up
A: large, rugged brown scales 3, see invisible, deformed body, roll 1, armoured
tail, reflexive curl
}: 2/15 runes: serpentine, barnacled
a: Rolling Charge, Depart the Abyss, Bend Space, Banish, Corrupt, Enter the
Abyss, Renounce Religion, Evoke Flight


You were on level 3 of the Vaults.
You worshipped Lugonu.
Lugonu was exalted by your worship.
You visited 6 branches of the dungeon, and saw 33 of its levels.
You visited the Abyss 1 time.
You also visited: Ossuary.

You collected 4613 gold pieces.
You spent 1977 gold pieces at shops.

Inventory:

Hand Weapons
 b - a +9 broad axe of distortion (weapon)
 Y - a +2 war axe
Armour
 q - the +0 chain mail "Xuoxeus" {rF++ rN+ Str+3 Stlth-}
   (You bought it in a shop on level 9 of the Dungeon)

   It affects your strength (+3).
   It greatly protects you from fire.
   It protects you from negative energy.
   It makes you less stealthy.
 A - a +0 tower shield (worn)
 I - a +3 scale mail of willpower (worn)
 J - a +1 cloak (worn)
 S - a +2 pair of gloves (worn)
 V - a +2 hat of see invisible (worn)
Jewellery
 e - the ring "Caobb" (right hand) {+Fly rElec Will++ Str-2 SInv}
   (You found it on level 4 of the Shoals)

   [ring of flight]

   It affects your strength (-2).
   It insulates you from electricity.
   It affects your willpower, your defense against some magical effects.
   It lets you see invisible.
   It lets you fly.
 l - an uncursed amulet of regeneration
 m - the amulet of Xelud (around neck) {Acrobat rF++ Dex+5 Slay+2}
   (You bought it in a shop on level 2 of the Orcish Mines)

   [amulet of the acrobat]

   It helps you evade while moving and waiting.
   It affects your dexterity (+5).
   It affects your accuracy and damage with ranged weapons and melee attacks
   (+2).
   It greatly protects you from fire.
 r - the ring of Eternity {Fire rElec Slay+2}
   (You found it on level 12 of the Dungeon)

   [ring of fire]

   It enhances your fire magic.
   It affects your accuracy and damage with ranged weapons and melee attacks
   (+2).
   It protects you from fire.
   It makes you vulnerable to cold.
   It insulates you from electricity.
 s - a +4 ring of protection (left hand)
 P - an uncursed ring of resist corrosion
 X - an uncursed ring of ice
 Z - a +4 ring of evasion
Wands
 w - a wand of paralysis (15)
 y - a wand of flame (50)
 C - a wand of iceblast (33)
 H - a wand of digging (10)
 M - a wand of acid (20)
 T - a wand of polymorph (8)
Scrolls
 c - 19 scrolls of remove curse
 d - 12 scrolls of teleportation
 f - a scroll of fear
 g - a scroll of enchant weapon
 i - 8 scrolls of magic mapping
 j - a scroll of brand weapon
 o - 8 scrolls of fog
 v - a scroll of holy word
 G - 4 scrolls of enchant armour
 R - 6 scrolls of blinking
 U - 14 scrolls of identify
Potions
 h - 3 potions of cancellation
 k - 4 potions of might
 n - 12 potions of heal wounds
 p - 3 potions of berserk rage
 t - 3 potions of brilliance
 u - 4 potions of attraction
 x - 3 potions of lignification
 z - 7 potions of mutation
 B - 3 potions of resistance
 D - 11 potions of curing
 E - 2 potions of flight
 N - 4 potions of haste
 O - 2 potions of invisibility
 Q - 3 potions of magic
 W - 2 potions of ambrosia
Miscellaneous
 a - a condenser vane (inert)
 K - a tin of tremorstones (inert)
 L - a box of beasts


   Skills:
 + Level 19.7 Fighting
 * Level 19.7 Axes
 - Level 7.0 Armour
 - Level 11.0 Dodging
 * Level 14.7 Shields
 - Level 10.0 Invocations
 + Level 5.2 Evocations


You had 20 spell levels left.
You didn't know any spells.
Your spell library contained the following spells:

 Spells                   Type           Power        Failure   Level
 Animate Skeleton         Necr           #.....       63%         1
 Apportation              Tloc           #.....       63%         1
 Corona                   Hex            #......      63%         1
 Freeze                   Ice            #...         63%         1
 Magic Dart               Conj           #...         63%         1
 Shock                    Conj/Air       #...         63%         1
 Summon Small Mammal      Summ           #...         63%         1
 Blink                    Tloc           N/A          77%         2
 Call Imp                 Summ           #.......     77%         2
 Ensorcelled Hibernation  Hex/Ice        #.....       77%         2
 Poisonous Vapours        Pois/Air       #.....       77%         2
 Slow                     Hex            #.......     77%         2
 Swiftness                Air            #.......     77%         2
 Call Canine Familiar     Summ           #.......     94%         3
 Confusing Touch          Hex            #.......     94%         3
 Conjure Flame            Conj/Fire      #.......     94%         3
 Dazzling Flash           Conj/Hex       #.....       94%         3
 Frozen Ramparts          Ice            #.....       94%         3
 Inner Flame              Hex/Fire       #.......     94%         3
 Mephitic Cloud           Conj/Pois/Air  #.......     94%         3
 Ozocubu's Armour         Ice            #.......     94%         3
 Portal Projectile        Hex/Tloc       #.....       94%         3
 Static Discharge         Conj/Air       #.......     94%         3
 Summon Guardian Golem    Hex/Summ       #.......     94%         3
 Tukima's Dance           Hex            #.......     94%         3
 Airstrike                Air            #.........   100%        4
 Animate Dead             Necr           #.........   100%        4
 Cause Fear               Hex            #.........   100%        4
 Hailstorm                Conj/Ice       #.......     100%        4
 Leda's Liquefaction      Hex/Erth       #.........   100%        4
 Summon Ice Beast         Ice/Summ       #.......     100%        4
 Summon Lightning Spire   Summ/Air       #.......     100%        4
 Borgnjor's Vile Clutch   Necr/Erth      #.........   100%        5
 Lightning Bolt           Conj/Air       #.........   100%        5
 Silence                  Hex/Air        #.........   100%        5
 Yara's Violent Unravell  Hex/Tmut       #.........   100%        5
 Death Channel            Necr           #.........   100%        6
 Freezing Cloud           Conj/Ice/Air   #.........   100%        6
 Simulacrum               Ice/Necr       #.........   100%        6
 Discord                  Hex            #.........   100%        8


Dungeon Overview and Level Annotations

Branches:
Dungeon (14/15)            Temple (0/1) D:5            Lair (6/6) D:11
 Shoals (4/4) Lair:4        Snake (4/4) Lair:3        Slime (0/5) Lair:5
    Orc (2/2) D:12            Elf (0/3) Orc:2        Vaults (3/5) D:14
  Crypt (0/3) Vaults:2    Ossuary (visited)

Altars:
Gozag
Hepliaklqana
Kikubaaqudgha
Nemelex Xobeh
Qazlal
Ru
Wu Jian
Yredelemnul
Zin
Beogh
Jiyva

Shops:
D:9 *((   Orc:2 **(=   Snake:2 *   Vaults:1 ?   Vaults:2 =

Annotations:
Lair:2 exclusion: oklob plant
Abyss:1 Harold, Roxanne


Innate Abilities, Weirdness & Mutations

You are completely covered in rugged brown scales. (AC +3, +7% HP)
You have supernaturally acute eyesight. (SInv)
Armour fits poorly on your strangely shaped body.
You can roll at nearby foes to attack.
You have a long armoured tail.
You curl defensively after being hit.


Message History

The vault guard is engulfed in noxious fumes.
The deep elf demonologist is engulfed in noxious fumes.
The ironbrand convoker is engulfed in noxious fumes.
The ironbrand convoker appears confused.
The ice dragon bites you but does no damage.
The ice dragon claws you but does no damage.
You block the ice dragon's attack.
You slice the vault warden!!
Space warps horribly around the vault warden!
The vault warden is almost dead.
You hit the ice dragon.
The ice dragon blinks!
The vault guard seems less confused.
You block the vault warden's attack.
You slice the vault warden!!
You kill the vault warden!
Lugonu accepts your kill.
The runic seals fade away.
The ironbrand convoker is engulfed in noxious fumes.
The ice dragon breathes frost at you. The blast of cold hits you!!!
You die...

#######
.......####+###
.......#......#
.#.....#......#
#".....#......#
.....D.#......#
#..)#)@....#
#§§3§.....#
..§○§§§#......#
.#§§§B.#...)D.#
#..p§..########
.e..... .$.....
##..... #...B.


You could see an ice dragon (catching breath), a boulder beetle, a vault guard
and a smoke demon (summoned).

Vanquished Creatures
  Margery (Vaults:2)
  Rupert (Orc:2)
  A kraken (Shoals:4)
  8 nagarajas
  A deep elf sorcerer (Vaults:1)
  4 ironheart preservers
  6 vault wardens
  Louise (D:14)
  2 stone giants
  A deep elf demonologist (Vaults:1)
  5 dire elephants (Lair:6)
  3 merfolk javelineers (Shoals:4)
  2 deep elf death magi (Vaults:1)
  3 merfolk impalers
  3 ogre magi
  A fire dragon (D:12)
  A yaktaur captain (Vaults:2)
  6 boulder beetles
  2 vault guards
  Fannar (Orc:1)
  4 merfolk avatars
  3 anacondas
  A catoblepas (Lair:2)
  16 naga warriors
  6 merfolk aquamancers
  An ice dragon (Vaults:3)
  A centaur warrior (Vaults:1)
  2 dancing weapons
  A death knight (D:14)
  5 death yaks
  11 two-headed ogres
  6 satyrs
  2 deep troll shamans
  14 naga sharpshooters
  6 shock serpents
  3 orc high priests (Orc:2)
  4 deep elf knights
  Urug (D:10)
  2 skeletal warriors (D:14)
  5 hell knights (Vaults:2)
  6 deep trolls
  A glowing orange brain (Vaults:2)
  A shadow wraith (Vaults:1)
  17 sea snakes
  5 salamander mystics
  2 unseen horrors
  8 naga ritualists
  3 deep elf archers
  2 necromancers
  5 ironbrand convokers
  13 harpies
  9 orc knights
  14 fauns
  18 salamanders
  27 manticores
  5 mana vipers
  A wolf spider (Vaults:1)
  18 ugly things
  6 orc sorcerers
  9 deep elf magi
  13 slime creatures
  10 cyclopes
  13 elephants
  4 merfolk sirens
  41 black mambas
  8 vault sentinels
  6 water nymphs
  Maurice (D:8)
  3 guardian serpents
  3 centaur skeletons
  18 naga magi
  4 gargoyles
  A torpor snail (Lair:5)
  6 cane toads
  3 freezing wraiths
  2 rime drakes
  21 yaktaurs
  7 komodo dragons
  5 polar bears
  31 merfolk
  13 trolls
  3 wind drakes
  A hornet (D:10)
  18 blink frogs
  Grinder (D:5)
  9 dream sheep
  4 snapping turtles
  An ettin skeleton (Vaults:2)
  A meliai zombie (D:12)
  2 shadows
  2 wraiths
  17 water elementals
  7 wyverns
  A steam dragon (D:12)
  69 yaks
  2 golden eyes (shapeshifter) (Vaults:2)
  6 basilisks
  A human (shapeshifter) (Vaults:1)
  4 wargs (D:12)
  4 vampire mosquitoes (D:12)
  A soldier ant (D:11)
  61 nagas
  4 acid dragons
  18 water moccasins
  37 orc warriors
  13 ice beasts
  2 sky beasts
  An eye of draining (D:12)
  A phantom (D:10)
  3 black bears
  5 boggarts
  A necrophage (D:5)
  2 human zombies (Vaults:2)
  3 wolves
  9 ogres
  10 centaurs
  4 big kobolds
  16 bullfrogs
  A wyvern zombie (D:10)
  A water moccasin zombie (D:6)
  A wyvern skeleton (D:14)
  7 scorpions
  25 wights
  14 killer bees
  2 howler monkeys
  5 electric eels
  5 bullfrog zombies
  A quasit (D:12)
  3 centaur zombies
  22 orc priests
  3 jellies
  3 bullfrog skeletons
  A gnoll shaman (D:9)
  11 hounds
  7 iguanas
  11 worker ants
  22 orc wizards
  A killer bee zombie (D:10)
  2 hound zombies (D:8)
  A howler monkey zombie (D:6)
  A worker ant zombie (D:11)
  9 gnolls
  10 adders
  2 shadow imps
  3 white imps
  3 ufetubi
  4 oozes
  2 adder skeletons
  A worm (D:2)
  A dart slug (D:2)
  2 leopard geckos
  84 orcs
  5 bats
  8 giant cockroaches
  8 goblins
  5 hobgoblins
  6 jackals (D:3)
  24 kobolds
  5 quokkas
  3 ball pythons
  7 frilled lizards
  A gnoll zombie (Ossuary)
  4 hobgoblin zombies (Ossuary)
  A jackal skeleton (D:5)
  A kobold zombie (Ossuary)
  An orc zombie (Ossuary)
  2 quokka skeletons
  A quokka zombie (D:4)
  5 rats
  5 tentacles
1237 creatures vanquished.

Vanquished Creatures (others)
  Nikola (Snake:1)
  A deep elf knight (Vaults:3)
  A boggart (Vaults:1)
  An orc wizard (Orc:2)
  An orc priest (D:12)
  66 fungi
  193 plants
  11 tentacles
275 creatures vanquished.

Grand Total: 1512 creatures vanquished

Notes
Turn   | Place    | Note
-------+----------+-------------------------------------------
     0 | Abyss:1  | lunkers the Palentonga Abyssal Knight began the quest for
                  | the Orb.
     0 | Abyss:1  | Reached XP level 1. HP: 20/20 MP: 2/2
    86 | Abyss:1  | Noticed a large abomination
    89 | D:1      | Escaped the Abyss
   143 | D:1      | Reached * piety under Lugonu
   438 | D:1      | Reached XP level 2. HP: 25/27 MP: 3/3
   977 | D:2      | Reached XP level 3. HP: 33/33 MP: 5/5
  1184 | D:2      | Reached skill level 1 in Shields
  1347 | D:2      | Reached XP level 4. HP: 37/40 MP: 6/6
  1595 | D:2      | Reached ** piety under Lugonu
  1868 | D:2      | Found a basalt altar of Yredelemnul.
  1953 | D:2      | You fall into a shaft and drop 2 floors!
  2099 | D:4      | Reached XP level 5. HP: 41/48 MP: 5/8
  2406 | D:4      | Found a sand-covered staircase.
  2426 | Ossuary  | Entered an ossuary
  3353 | D:3      | Reached skill level 5 in Invocations
  3538 | D:5      | Entered Level 5 of the Dungeon
  3547 | D:5      | Reached *** piety under Lugonu
  3548 | D:5      | Reached XP level 6. HP: 50/54 MP: 7/9
  3632 | D:5      | Found a staircase to the Ecumenical Temple.
  3917 | D:5      | Gained mutation: You curl defensively after being hit.
                  | [Palentonga growth]
  3917 | D:5      | Reached XP level 7. HP: 58/60 MP: 11/11
  4347 | D:5      | Noticed Grinder
  4352 | D:5      | Paralysed by Grinder for 7 turns
  4375 | D:5      | Killed Grinder
  4495 | D:5      | Reached skill level 5 in Axes
  4654 | D:5      | Reached XP level 8. HP: 66/67 MP: 13/13
  5390 | D:6      | Reached skill level 5 in Shields
  5483 | D:6      | Found a sacrificial altar of Ru.
  5645 | D:6      | Found a glowing silver altar of Zin.
  5646 | D:6      | Noticed an angel
  5779 | D:7      | Reached **** piety under Lugonu
  6717 | D:8      | Reached XP level 9. HP: 57/73 MP: 12/14
  6872 | D:8      | Noticed Harold
  6880 | D:8      | Banished Harold
  8018 | D:8      | Noticed Maurice
  8030 | D:8      | Killed Maurice
  8133 | D:8      | Reached XP level 10. HP: 79/82 MP: 13/15
  8664 | D:9      | Found an ornate altar of the Wu Jian Council.
  8668 | D:9      | Found a hazy altar of Hepliaklqana.
  8673 | D:9      | Found a sparkling altar of Nemelex Xobeh.
  8815 | D:9      | Reached ***** piety under Lugonu
  9095 | D:9      | Found Xesch's Assorted Antiques.
  9102 | D:9      | Bought a faintly humming chain mail for 228 gold pieces
  9112 | D:9      | Identified the cursed +0 chain mail "Xuoxeus" {rF++ rN+
                  | Str+3 Stlth-} (You bought it in a shop on level 9 of the
                  | Dungeon)
  9117 | D:9      | Found an opulent altar of Gozag.
  9122 | D:9      | Noticed a two-headed ogre
  9128 | D:9      | Banished a two-headed ogre
  9129 | D:9      | Reached skill level 10 in Axes
  9800 | D:9      | Found Tut Derao's Antique Weapon Shop.
  9828 | D:9      | Found Kanoxipe's Antique Weapon Emporium.
  9832 | D:9      | Bought a polished morningstar for 225 gold pieces
  9832 | D:9      | Identified the +6 morningstar "Quts" {vorpal, rN+ Will+
                  | Str-5 Int+6} (You bought it in a shop on level 9 of the
                  | Dungeon)
 10017 | D:10     | Entered Level 10 of the Dungeon
 10110 | D:10     | Noticed a gargoyle
 10156 | D:10     | Killed a gargoyle
 10698 | D:10     | Paralysed by a hornet for 2 turns
 10753 | D:10     | Noticed Urug
 11112 | D:10     | Paralysed by a hornet for 1 turns
 11520 | D:10     | Killed Urug
 11521 | D:10     | Reached XP level 11. HP: 25/87 MP: 16/16
 11816 | D:10     | Found a stormy altar of Qazlal.
 12324 | D:11     | Noticed a two-headed ogre
 12331 | D:11     | Banished a two-headed ogre
 12459 | D:11     | Found a staircase to the Lair.
 12904 | D:10     | Reached skill level 5 in Fighting
 13742 | D:11     | Noticed a purple ugly thing
 13764 | D:11     | Banished a purple ugly thing
 14449 | Lair:1   | Entered Level 1 of the Lair of Beasts
 14562 | Lair:1   | Noticed a seven-headed hydra
 14564 | Lair:1   | Banished a seven-headed hydra
 14565 | Lair:1   | Reached XP level 12. HP: 107/110 MP: 9/18
 16164 | Lair:2   | Reached skill level 10 in Fighting
 16821 | Lair:2   | Noticed a catoblepas
 16877 | Lair:2   | Killed a catoblepas
 18815 | Lair:3   | Found a staircase to the Snake Pit.
 19754 | Lair:4   | Noticed a four-headed hydra
 19755 | Lair:4   | Banished a four-headed hydra
 19756 | Lair:4   | Reached XP level 13. HP: 118/130 MP: 14/19
 20468 | Lair:4   | Reached skill level 1 in Evocations
 21274 | Lair:4   | Found a staircase to the Shoals.
 21854 | Lair:5   | Found a staircase to the Slime Pits.
 21854 | Lair:5   | Found a viscous altar of Jiyva.
 22994 | Lair:5   | HP: 6/133 [komodo dragon (16)]
 23000 | Lair:5   | HP: 2/133 [komodo dragon (2)]
 23590 | Lair:5   | Reached skill level 5 in Evocations
 24728 | Lair:6   | Entered Level 6 of the Lair of Beasts
 25514 | Lair:5   | Reached skill level 10 in Invocations
 25514 | Lair:5   | Reached XP level 14. HP: 63/142 MP: 15/21
 25949 | Lair:5   | Reached skill level 15 in Fighting
 26786 | D:12     | Found an opulent altar of Gozag.
 27036 | D:12     | Found a staircase to the Orcish Mines.
 27600 | D:12     | Got a vibrating pewter ring
 27777 | D:12     | Identified the ring of Eternity {Fire rElec Slay+2} (You
                  | found it on level 12 of the Dungeon)
 28644 | Orc:1    | Entered Level 1 of the Orcish Mines
 28653 | Orc:1    | Noticed an orc warlord
 28794 | Orc:1    | Noticed Fannar
 28800 | D:12     | Banished an orc warlord
 29031 | Orc:1    | Killed Fannar
 29370 | Orc:2    | Entered Level 2 of the Orcish Mines
 29374 | Orc:2    | Noticed Rupert
 29399 | Orc:2    | Killed Rupert
 29827 | Orc:2    | Found a staircase to the Elven Halls.
 29838 | Orc:2    | Noticed an orc warlord
 30284 | Orc:2    | Reached ****** piety under Lugonu
 30765 | Orc:2    | Banished an orc warlord
 32700 | Orc:2    | Found Axayxool's Assorted Antiques.
 32700 | Orc:2    | Found Plog's Assorted Antiques.
 32704 | Orc:2    | Found Yguwnof's Antique Weapon Shoppe.
 32704 | Orc:2    | Found Mump's Jewellery Boutique.
 32771 | Orc:2    | Bought a runed war axe for 175 gold pieces
 32799 | Orc:2    | Bought a runed war axe for 175 gold pieces
 32805 | Orc:2    | Bought the amulet of Xelud {Acrobat rF++ Dex+5 Slay+2} for
                  | 1174 gold pieces
 32993 | D:13     | Reached XP level 15. HP: 147/158 MP: 22/22
 34711 | Lair:6   | Identified Sif Muna's Catalogue of Cold
 34829 | Lair:6   | Reached skill level 1 in Dodging
 36164 | D:14     | Noticed Louise
 36179 | D:14     | Killed Louise
 36826 | D:14     | Found a gate to the Vaults.
 37210 | Snake:1  | Entered Level 1 of the Snake Pit
 37242 | Snake:1  | Reached skill level 5 in Dodging
 37760 | Snake:1  | Reached skill level 5 in Armour
 39312 | Snake:1  | Noticed Nikola
 39327 | Snake:1  | Killed Nikola
 39328 | Snake:1  | Reached skill level 15 in Axes
 39328 | Snake:1  | Reached XP level 16. HP: 48/167 MP: 23/23
 40852 | Snake:2  | Got a smoking wooden ring
 40858 | Snake:2  | Identified the ring "Uxeet" {Int+6 Dex+2} (You found it on
                  | level 2 of the Snake Pit)
 41338 | Snake:2  | Found Waheot's General Store.
 42789 | Snake:3  | Reached skill level 10 in Dodging
 43242 | Snake:3  | Identified a scroll of acquirement
 43242 | Snake:3  | Acquired 948 gold pieces
 44510 | Snake:4  | Entered Level 4 of the Snake Pit
 44900 | Snake:4  | Acquired a +2 hat of see invisible
 45756 | Snake:4  | Reached XP level 17. HP: 123/174 MP: 24/24
 46207 | Snake:4  | Reached skill level 10 in Shields
 47433 | Snake:4  | Identified a +2 broad axe of distortion (a +0 broad axe
                  | corrupted by Lugonu)
 47433 | Snake:4  | Received a gift from Lugonu
 48036 | Snake:4  | Got a serpentine rune of Zot
 48205 | Shoals:1 | Entered Level 1 of the Shoals
 48466 | Shoals:1 | Noticed Roxanne
 48480 | Shoals:1 | Banished Roxanne
 49197 | Shoals:1 | Noticed a kraken
 49203 | Shoals:1 | Banished a kraken
 51062 | Shoals:3 | Reached XP level 18. HP: 185/185 MP: 25/25
 51927 | Shoals:4 | Entered Level 4 of the Shoals
 52743 | Shoals:4 | Got a translucent iron ring
 52745 | Shoals:4 | Identified the ring "Caobb" {+Fly rElec Will++ Str-2 SInv}
                  | (You found it on level 4 of the Shoals)
 53497 | Shoals:4 | Got a barnacled rune of Zot
 54779 | Vaults:1 | Entered Level 1 of the Vaults
 54817 | Vaults:1 | Noticed a Hell Sentinel
 55676 | Vaults:1 | Reached XP level 19. HP: 171/194 MP: 26/26
 55691 | Vaults:1 | Reached XP level 20. HP: 180/204 MP: 27/27
 55692 | Vaults:1 | Reached XP level 21. HP: 187/211 MP: 28/28
 55829 | Vaults:1 | Found Hozyic's Magic Scroll Emporium.
 57539 | Vaults:2 | Found a roughly hewn altar of Beogh.
 57659 | Vaults:2 | Found Henic's Jewellery Boutique.
 57829 | Vaults:2 | Noticed Margery
 58201 | Vaults:2 | Found a staircase to the Crypt.
 58201 | Vaults:2 | Found a basalt altar of Yredelemnul.
 58202 | Vaults:2 | Found an ancient bone altar of Kikubaaqudgha.
 58340 | Vaults:2 | Killed Margery
 59447 | Vaults:3 | Killed from afar by an ice dragon

Illustrated notes

Levels and vault maps discovered:
D:1:      dpeg_arrival_erosion, layout_basic, chequers_mini_garden
D:2:      layout_basic, lemuel_crystal_altar
D:3:      layout_basic, ebering_dispersal_statue_hall
D:4:      layout_loops_corners, chequers_ossuary_entry_cave
D:5:      layout_loops_corners, minmay_temple_entry_glassed_door, uniq_grinder
D:6:      black_bear_nest_1, layout_loops_ring, zin_angel, lemuel_round_altar
D:7:      layout_layer_cave
D:8:      layout_layer_cave, minmay_misc_feat_encased, uniq_harold, uniq_maurice
D:9:      layout_loops_ring, minmay_overflow_temple_star_quad, basic_altar,
          serial_shops, shop, kennysheep_little_box, nicolae_shop_stone
D:10:     layout_long_grid, nicolae_qazlal_general_emergency, uniq_urug
D:11:     layout_cave_pods, minmay_lair_entry_grove,
          portal_ice_cave_entry_ice_beasts, minmay_starry_boxes
D:12:     evilmike_horseshoe, layout_basic, minmay_orc_entry_guard_dogs,
          nicolae_gozag_seed_capital
D:13:     layout_irregular_city
D:14:     layout_rooms, erik_vaults_1, nicolae_lava_and_water, uniq_louise
Lair:1:   layout_regular_city, beast_lair_carwin_2, infiniplex_staircase_pool
Lair:2:   layout_hall_layers, minmay_shattered_shrine, serial_bayou_shore_b,
          grunt_megastairs_1, minmay_lair_oklob_chamber
Lair:3:   layout_hall_layers, guppyfry_snake_entry_island
Lair:4:   wander_river, layout_cave_pods, minmay_shoals_entry_centaurs,
          serial_bayou_shore_b
Lair:5:   layout_hall_layers, slime_altar_1, grunt_megastairs_3
Lair:6:   due_jungle_book, layout_loops_ring
Shoals:1: layout_shoals, uniq_roxanne
Shoals:2: layout_shoals
Shoals:3: layout_shoals, nicolae_shoals_wave_tunnel
Shoals:4: shoals_end_hangedman, layout_shoals, abandoned_shop
Snake:1:  kennysheep_six_static_rooms, layout_chambers, uniq_nikola
Snake:2:  layout_rooms, serial_shops, nicolae_shop_window_shopping
Snake:3:  kennysheep_snake, layout_cave_town, nicolae_snake_serpentine_hallways
Snake:4:  minmay_snake_end_coiled, layout_rooms, nicolae_snake_single_loop
Orc:1:    layout_caves, nicolae_orc_flooded_monolith, uniq_fannar
Orc:2:    grunt_orc_tribal_feast, layout_caves, uniq_rupert
Vaults:1: v_alt_pattern_5, nicolae_vaults_asterisk, vaults_mumra_hexcomb,
          ontoclasm_vaults_pinch, nicolae_vaults_rhombus_5,
          ontoclasm_vaults_spin, nicolae_vaults_sealed_display, v_rooms_3,
          hangedman_vaults_impose, vaults_dpeg_cross, layout_vaults_quadrants,
          serial_shops, shop_fountains
Vaults:2: ontoclasm_vaults_loading_screen, nicolae_vaults_big_angled_halls,
          v_rooms_4, vaults_room_fours, ontoclasm_vaults_ring_small,
          ontoclasm_vaults_gateway, vaults_room_pools, v_misc_15,
          ontoclasm_vaults_idyll, special_room_vaults [special_room_orc],
          v_misc_5, layout_vaults_big_room, minmay_crypt_entry_necro_gods,
          serial_shops, shop_fountains, uniq_margery
Vaults:3: vaults_room_large_hall, nicolae_vaults_quartermaster,
          hangedman_vaults_stream, nicolae_vaults_yaktaur_gun_rack, v_misc_19,
          v_pattern_3, v_misc_12, v_misc_18, hangedman_vaults_unwind,
          grunt_vaults_hallway_short, vaults_room_hallway,
          layout_vaults_omnicross

Skill      XL: |  1  2  3  4  5  6  7  8  9 10 11 12 13 14 15 16 17 18 19 20 21 |
---------------+----------------------------------------------------------------+-----
Invocations    | 3 4 5 6 7 8 10 | 10.0
Shields        | 1 2 3 5 7 9 11 13 14 | 14.7
Axes           | 3 4 5 7 9 11 12 15 16 18 19 | 19.7
Fighting       | 8 13 14 17 18 19 | 19.7
Evocations     | 5 |  5.2
Armour         | 2 5 6 7 |  7.0
Dodging        | 6 10 11 | 11.0

Action                   |  1- 3 |  4- 6 |  7- 9 | 10-12 | 13-15 | 16-18 | 19-21 || total
-------------------------+-------+-------+-------+-------+-------+-------+-------++-------
Melee: Hand axe          |    82 |   220 |   461 |  1243 |  1193 |       |       ||  3199
       Tailslap          |     5 |    29 |    59 |   219 |   337 |   242 |    83 ||   974
       War axe           |       |       |       |       |   445 |   602 |       ||  1047
       Broad axe         |       |       |       |       |       |   703 |   428 ||  1131
Invok: Depart the Abyss  |     1 |       |       |       |       |       |       ||     1
       Banish            |       |       |     1 |     7 |    12 |       |     2 ||    22
       Bend Space        |       |       |       |       |     1 |       |       ||     1
       Brand Weapon With |       |       |       |       |       |     1 |       ||     1
 Abil: Rolling Charge    |    22 |    38 |    51 |    95 |   180 |   261 |   122 ||   769
Evoke: Wand              |       |       |     8 |     9 |     4 |       |       ||    21
       Tin of tremorston |       |       |       |       |       |       |     2 ||     2
       Box of beasts     |       |       |       |       |       |       |     1 ||     1
       Condenser vane    |       |       |       |       |       |       |     1 ||     1
  Use: Scroll            |       |       |       |    30 |     9 |    15 |     3 ||    57
       Potion            |       |       |       |     2 |     1 |     1 |     2 ||     6
 Stab: Distracted        |       |     1 |       |       |     5 |       |       ||     6
       Paralysed         |       |       |     3 |       |       |       |       ||     3
       Petrified         |       |       |       |     4 |       |       |       ||     4
       Petrifying        |       |       |       |     1 |       |       |       ||     1
Armor: Leather armour    |     7 |       |       |       |       |       |       ||     7
       Ring mail         |     5 |       |       |       |       |       |       ||     5
       Chain mail        |    25 |   147 |   221 |   119 |       |       |       ||   512
       Scale mail        |       |       |       |   317 |   470 |   286 |    56 ||  1129
Dodge: Dodged            |    15 |    22 |    79 |   216 |   402 |   513 |    88 ||  1335
Block: Kite shield       |    27 |   103 |   226 |   549 |   690 |   133 |       ||  1728
       Tower shield      |       |       |       |       |       |   758 |   246 ||  1004

Table legend: (Time is in decaauts)
 A = Elapsed time spent in this place.
 B = Non-inter-level travel time spent in this place.
 C = Inter-level travel time spent in this place.
 D = Time resting spent in this place.
 E = Time spent auto-exploring this place.
 F = Levels seen in this place.
 G = Mean time per level.
                   A        B        C        D        E       F      G
               +--------+--------+--------+--------+--------+-----+--------+
         Total |  58931 |  56813 |   2118 |   8789 |  39719 |  35 | 1683.7 |
       Dungeon |  20039 |  19230 |    809 |   2892 |  13192 |  14 | 1431.4 |
          Lair |  13149 |  12429 |    720 |   2210 |   8748 |   6 | 2191.5 |
        Shoals |   6675 |   6476 |    199 |    961 |   4404 |   4 | 1668.8 |
     Snake Pit |  10784 |  10619 |    165 |   1638 |   7865 |   4 | 2696.0 |
  Orcish Mines |   3843 |   3698 |    145 |    998 |   2032 |   2 | 1921.5 |
        Vaults |   4321 |   4243 |     78 |     89 |   3394 |   3 | 1440.3 |
         Abyss |     89 |     89 |      0 |      0 |     82 |   1 |   89.0 |
       Ossuary |     28 |     28 |      0 |      0 |      1 |   1 |   28.0 |
               +--------+--------+--------+--------+--------+-----+--------+

Top non-repeatable levels by time:
 Snake:1: 3476 daAuts
 Snake:3: 3436 daAuts
 Snake:4: 3089 daAuts
  Lair:2: 2806 daAuts
  Lair:5: 2679 daAuts
Shoals:4: 2582 daAuts
  Lair:4: 2578 daAuts
Vaults:2: 2385 daAuts
    D:10: 2310 daAuts
    D:11: 2280 daAuts
    D:12: 2266 daAuts
  Lair:6: 2165 daAuts
   Orc:2: 1960 daAuts
  Lair:3: 1916 daAuts
Vaults:1: 1907 daAuts
